 Dungeon Sprint DCSS version 0.20-a0-1124-g2e29d97 (webtiles) character file.

354 potatolord6000 the Skirmisher (level 6, -3/56 HPs)
             Began as a Demonspawn Gladiator on May 16, 2017.
             Was an Initiate of Gozag.
             Slain by a vampire (10 damage)
             ... in the Dungeon (Sprint IX: "|||||||||||||||||||||||||||||").
             The game lasted 00:01:39 (381 turns).

potatolord6000 the Skirmisher (Demonspawn Gladiator) Turns: 381, Time: 00:01:40

Health: -3/56      AC: 16    Str: 22    XL:     6   Next: 35%
Magic:  6/6        EV: 10    Int: 10    God:    Gozag
Gold:   0          SH:  0    Dex: 14    Spells: 5/5 levels left

rFire    . . .     SeeInvis .   l - +0 lajatang
rCold    + . .     Gourm    .   (shield currently unavailable)
rNeg     . . .     Faith    .   m - +0 plate armour
rPois    .         Spirit   .   c - +0 helmet
rElec    .         Reflect  .   (no cloak)
rCorr    .         Harm     .   a - +0 pair of gloves
MR       .....     NoTele   +   (no boots)
Stlth    ..........             (no amulet)
Regen    0.2/turn               b - +3 ring of strength
MPRegen  0.1/turn               n - +3 ring of strength

@: gold aura
A: rugged brown scales 1, cold resistance 1
a: Potion Petition, Call Merchant, Bribe Branch, Renounce Religion


You were in the Dungeon.
You worshipped Gozag.
Gozag was noncommittal.
You were full.

You visited 1 branch

Inventory:

Hand Weapons
 l - a +0 lajatang (weapon)
Armour
 a - a +0 pair of gloves (worn)
 c - a +0 helmet (worn)
 m - a +0 plate armour (worn)
Jewellery
 b - a +3 ring of strength (left hand)
 n - a +3 ring of strength (right hand)
Scrolls
 h - 3 scrolls of remove curse
 j - 2 scrolls of amnesia
 k - 2 scrolls of blinking
Potions
 d - a potion of invisibility
 e - a potion of heal wounds
 g - 3 potions of curing
 i - 4 potions of magic


   Skills:
 + Level 7.0 Fighting
 + Level 6.8 Staves
 - Level 1.7 Throwing
 + Level 6.1 Armour
 + Level 6.8 Dodging


You had 5 spell levels left.
You didn't know any spells.

Dungeon Overview and Level Annotations

Branches:
Dungeon (1/1)

Altars:
Cheibriados
Dithmenos
Elyvilon
Fedhas
Gozag
Hepliaklqana
Kikubaaqudgha
Makhleb
Nemelex Xobeh
Okawaru
Qazlal
Ru
Sif Muna
Trog
Uskayaw
Vehumet
Wu Jian
Xom
Yredelemnul
Zin
The Shining One
Beogh
Jiyva
Lugonu


Innate Abilities, Weirdness & Mutations

You are partially covered in rugged brown scales. (AC +1, +3% HP)
Your flesh is cold resistant. (rC+)


Message History

Something hits you!
* * * LOW HITPOINT WARNING * * *
Something bites you but does no damage.
You miss something. Something hits you but does no damage.
Something bites you but does no damage.
You closely miss something. You miss something. Something hits you.
* * * LOW HITPOINT WARNING * * *
Something bites you.
* * * LOW HITPOINT WARNING * * *
Something draws strength from your injuries!
You hit something but do no damage.
The ice beast is no longer distracted by gold.
Something hits you but does no damage. Something bites you but does no damage.
You barely miss something.
A vampire appears from thin air!
Reactivating autopickup.
The vampire hits you but does no damage.
The vampire bites you!
You die...
Your body crumbles into a pile of gold. $$$$$ $ $ $ $$$$$ $$$$$ $$ ▓▓▓▓▓▓▓▓▓▓▓▓▓▓▓▓▓▓▓▓▓▓▓▓ +...5YV@$.[[.)/..'______ ▓▓▓▓▓▓▓▓▓▓▓▓▓▓▓▓▓▓▓▓▓▓▓▓

You could see a vampire, an ice beast and a crimson imp.

Vanquished Creatures
  A black bear (D)
  A phantom (D)
  A centaur (D)
  2 crimson imps (D)
  An orc wizard (D)
  A goblin (D)
  A hobgoblin (D)
  A kobold (D)
  A quokka (D)
  A frilled lizard (D)
  2 rats (D)
13 creatures vanquished.

Notes
Turn   | Place    | Note
-------+----------+-------------------------------------------
     0 | D        | potatolord6000 the Demonspawn Gladiator began the quest for the Orb.
     0 | D        | Reached XP level 1. HP: 16/16 MP: 1/1
    14 | D        | Reached skill level 1 in Armour
    23 | D        | Noticed a crimson imp
    23 | D        | Noticed an orc wizard
    23 | D        | Noticed a phantom
    46 | D        | Killed an orc wizard
    46 | D        | Reached skill level 3 in Fighting
    46 | D        | Gained mutation: Your flesh is cold resistant. (rC+) [demonic ancestry]
    46 | D        | Reached XP level 2. HP: 17/24 MP: 2/2
    46 | D        | Gained mutation: You are partially covered in rugged brown scales. (AC +1, +3% HP) [demonic ancestry]
    46 | D        | Reached XP level 3. HP: 17/29 MP: 3/3
    70 | D        | HP: 1/29 [crimson imp (2)]
    72 | D        | Killed a phantom
    72 | D        | Reached skill level 4 in Fighting
    72 | D        | Reached skill level 5 in Staves
    72 | D        | Reached skill level 5 in Dodging
    72 | D        | Reached XP level 4. HP: 2/39 MP: 4/4
    75 | D        | Reached skill level 5 in Fighting
    75 | D        | Reached XP level 5. HP: 3/45 MP: 5/5
    81 | D        | Found a roughly hewn altar of Beogh.
    81 | D        | Found a snail-covered altar of Cheibriados.
    81 | D        | Found a shadowy altar of Dithmenos.
    81 | D        | Found a white marble altar of Elyvilon.
    81 | D        | Found a blossoming altar of Fedhas.
    81 | D        | Found an opulent altar of Gozag.
    82 | D        | Found a hazy altar of Hepliaklqana.
    83 | D        | Found a viscous altar of Jiyva.
    84 | D        | Found an ancient bone altar of Kikubaaqudgha.
    85 | D        | Found a corrupted altar of Lugonu.
    86 | D        | Found a burning altar of Makhleb.
    87 | D        | Found a sparkling altar of Nemelex Xobeh.
    88 | D        | Found an iron altar of Okawaru.
    89 | D        | Became a worshipper of Gozag Ym Sagoz the Greedy
    90 | D        | Found a stormy altar of Qazlal.
    91 | D        | Found a sacrificial altar of Ru.
    92 | D        | Found a deep blue altar of Sif Muna.
    93 | D        | Found a bloodstained altar of Trog.
    94 | D        | Found a hide-covered altar of Uskayaw.
    95 | D        | Found a radiant altar of Vehumet.
    96 | D        | Found an ornate altar of the Wu Jian Council.
    97 | D        | Found a shimmering altar of Xom.
    98 | D        | Found a basalt altar of Yredelemnul.
    99 | D        | Found a glowing silver altar of Zin.
   100 | D        | Found a glowing golden altar of the Shining One.
   353 | D        | Noticed an ice beast
   353 | D        | Noticed a vampire
   353 | D        | Noticed a black bear
   353 | D        | Noticed a centaur
   359 | D        | Killed a centaur
   359 | D        | Reached skill level 6 in Fighting
   359 | D        | Reached skill level 5 in Armour
   370 | D        | Killed a black bear
   370 | D        | Reached XP level 6. HP: 9/54 MP: 6/6
   371 | D        | HP: 2/54 [something (8)]
   376 | D        | Reached skill level 7 in Fighting
   381 | D        | Slain by a vampire

Vault maps used:
D:        linesprint

Skill      XL: |  1  2  3  4  5  6 |
---------------+-------------------+-----
Armour         | 2 4 5 6 |  6.1
Staves         | 3 5 6 |  6.8
Dodging        | 3 5 6 |  6.8
Fighting       | 3 4 5 6 7 |  7.0
Throwing       | |  1.7

Action                   |  1- 3 |  4- 6 || total
-------------------------+-------+-------++-------
Melee: Quarterstaff      |    50 |     3 ||    53
       Lajatang          |       |    25 ||    25
  Use: Potion            |     4 |     2 ||     6
 Stab: Distracted        |       |     1 ||     1
  Eat: Bread ration      |       |     1 ||     1
Armor: Leather armour    |     6 |     1 ||     7
       Plate armour      |       |    39 ||    39
Dodge: Dodged            |    24 |    24 ||    48
